 Dungeon Crawl Stone Soup version 0.18-a0-1649-g8d9735b (webtiles) character file.

955 namelastname112 the Chopper (level 7, 60/60 HPs)
             Began as a Pale Draconian Gladiator on Mar 29, 2016.
             Quit the game on level 4 of the Dungeon.
             The game lasted 00:04:43 (3159 turns).

namelastname112 the Chopper (DrGl)                  Turns: 3159, Time: 00:04:43

Health: 60/60      AC:  8    Str: 18    XL:     7   Next: 91%
Magic:  7/7        EV: 13    Int:  8    God:
Gold:   151        SH:  0    Dex: 10    Spells: 0 memorised, 6 levels left

rFire  . . .     SeeInvis .     a - +0 war axe
rCold  . . .     Gourm    .     (armour unavailable)
rNeg   . . .     Faith    .     (no shield)
rPois  .         Spirit   .     b - +0 hat
rElec  .         Dismiss  .     s - +0 cloak
rCorr  .         Reflect  .     q - +0 pair of gloves
SustAt .         Harm     .     (no boots)
MR     .....                    (no amulet)
Stlth  +.........               (no ring)
                                m - -3 ring of dexterity (curse)

@: not resistant to hostile enchantments, very unstealthy
A: breathe steam, unfitting armour, cold-blooded, AC +6
a: Breathe Steam


You were on level 4 of the Dungeon.
You were hungry.

You visited 1 branch of the dungeon, and saw 4 of its levels.

You collected 151 gold pieces.

Inventory:

Hand Weapons
 a - a +0 war axe (weapon)
Armour
 b - a +0 hat (worn)
 q - a +0 pair of gloves (worn)
 s - a +0 cloak (worn)
Jewellery
 m - a cursed -3 ring of dexterity (left hand)
Wands
 c - a wand of paralysis (7/24)
Scrolls
 e - a scroll of amnesia {unknown}
 f - 4 scrolls of identify {unknown}
 h - a scroll of recharging {unknown}
 j - 3 scrolls of remove curse {unknown}
 k - 3 scrolls of random uselessness {unknown}
 n - a scroll of fear {unknown}
 p - a scroll of magic mapping {unknown}
 t - 2 scrolls of immolation {unknown}
Potions
 g - a potion of heal wounds
 i - a potion of haste {unknown}
 l - a potion of mutation {unknown}
 o - 2 potions of flight {unknown}
 r - a potion of brilliance {unknown}
 u - a potion of beneficial mutation {unknown}
 v - a potion of degeneration {unknown}
 w - a potion of curing
Comestibles
 d - 3 bread rations


   Skills:
 + Level 4.9 Fighting
 * Level 6.4 Axes
 + Level 4.0 Throwing
 + Level 4.5 Dodging


You had 6 spell levels left.
You didn't know any spells.

Dungeon Overview and Level Annotations

Branches:
Dungeon (4/15)
 Temple: D:4-7

Altars:


Innate Abilities, Weirdness & Mutations

You can breathe blasts of scalding, opaque steam.
Your pale cyan-grey scales are hard (AC +6).
Your body does not fit into most forms of armour.
You are cold-blooded and may be slowed by cold attacks.


Message History

You closely miss Pikel. You tail-slap Pikel.
You kill Pikel!
Your Axes skill increases to level 6!
Your Throwing skill increases to level 4!
You have reached level 7!
Your scales start taking on a pale cyan-grey colour.
You learn Fire Magic quicker.
You learn Air Magic quicker.
You learn Evocations quicker.
You can breathe blasts of scalding, opaque steam.
c - a wand of paralysis {zapped: 5}
Things that are here:
a whip of flaming; a robe
There is a stone staircase leading down here.
You start resting.
You are feeling hungry.
You start resting.
HP restored.
You climb downwards.
There is a stone staircase leading up here.
Are you sure you want to abandon this character and quit the game? (Confirm with "yes".)

.#.####### ........
......... #......#
........# #......#
........####......#
#...#.
........#.........##
.#.#.##
.......##.##.......#
#.. ......
.......##.....pp@..# ..
.. #....#
.......#####.#.....##..
..#....#
...†...+.....#.....##.#
##.#....#
...###..####.#.....##.#
........# ... #†##
#K#.....##.# #.#.#.<#
...###p# #.####'###.#
#.#.#.## .......#
#p####.....# #.#.....
.......#
#p...#..#..##.#.#...##
.[...p.#
#p...#..#.....#.#.....


You could see 2 neutral freed slaves.

Vanquished Creatures
  Pikel (D:3)
  Sigmund (D:2)
  A hound (D:4)
  Crazy Yiuf (D:3)
  A giant frog skeleton (D:3)
  An orc priest (D:3)
  Jessica (D:2)
  Natasha (D:2)
  Terence (D:2)
  A worker ant (D:3)
  A gnoll (D:3)
  5 adders
  3 worms
  3 dart slugs
  4 giant geckos
  6 orcs (D:3)
  2 ball pythons
  4 giant cockroaches
  8 goblins
  5 hobgoblins
  2 jackals (D:2)
  6 quokkas
  6 bats
  2 giant newts (D:3)
  7 kobolds
  5 rats
79 creatures vanquished.

Notes
Turn   | Place    | Note
--------------------------------------------------------------
     0 | D:1      | namelastname112 the Draconian Gladiator began the quest for the Orb.
     0 | D:1      | Reached XP level 1. HP: 17/17 MP: 1/1
   132 | D:1      | Reached XP level 2. HP: 17/25 MP: 2/2
   457 | D:2      | Reached XP level 3. HP: 27/30 MP: 3/3
   516 | D:2      | Noticed Sigmund
   782 | D:2      | Killed Sigmund
   782 | D:2      | Reached skill level 4 in Axes
   782 | D:2      | Reached XP level 4. HP: 26/38 MP: 4/4
   782 | D:2      | Reached XP level 5. HP: 31/45 MP: 5/5
   838 | D:2      | Noticed Terence
   857 | D:2      | Killed Terence
  1197 | D:2      | Noticed Jessica
  1204 | D:2      | Killed Jessica
  1241 | D:2      | Noticed Natasha
  1249 | D:2      | Killed Natasha
  1249 | D:2      | Reached XP level 6. HP: 19/52 MP: 6/6
  1886 | D:3      | Noticed Crazy Yiuf
  1896 | D:3      | Killed Crazy Yiuf
  1896 | D:3      | Reached skill level 5 in Axes
  2924 | D:4      | Noticed a slave
  2924 | D:4      | Noticed a slave
  2926 | D:4      | Noticed a slave
  2927 | D:4      | Noticed Pikel
  2939 | D:4      | Noticed a slave
  2951 | D:4      | Paralysed by Pikel for 2 turns
  3104 | D:3      | Paralysed by Pikel for 4 turns
  3113 | D:3      | Killed Pikel
  3113 | D:3      | Reached skill level 6 in Axes
  3113 | D:3      | Your scales start taking on a pale cyan-grey colour.
  3113 | D:3      | Reached XP level 7. HP: 51/60 MP: 7/7
  3159 | D:4      | Quit the game

Vault maps used:
D:1:      minmay_arrival_three_doors
D:2:      kennysheep_generic_room_9, uniq_sigmund, uniq_jessica, uniq_natasha,
          uniq_terence
D:3:      kennysheep_six_static_rooms, first_bread, uniq_crazy_yiuf_cottage
D:4:      lemuel_coloured_pillars_altar, st_stairs_1, minmay_misc_feat_rugged,
          minmay_misc_feat_cross, uniq_duvessa, uniq_menkaure, uniq_pikel,
          uniq_eustachio

Skill      XL: |  1  2  3  4  5  6 |
---------------+-------------------+-----
Throwing       | 2 4 |  4.0
Fighting       | 3 4 |  4.9
Axes           | 4 6 |  6.4
Dodging        | 3 4 |  4.5

Action                   |  1- 3 |  4- 6 |  7- 9 || total
-------------------------+-------+-------+-------++-------
Melee: War axe           |    80 |   172 |       ||   252
Throw: Throwing net      |     3 |     3 |       ||     6
  Use: Potion            |     1 |       |       ||     1
 Stab: Held in net/web   |       |     1 |       ||     1
  Eat: Chunk             |       |     7 |       ||     7
